 Dungeon Crawl Stone Soup version 0.31-a0-187-gba352fbbf7 (webtiles) character file.

Game seed: 1725719632884286124

90 qw the Shooter (level 4, -2/25 HPs)
             Began as a Deep Elf Hunter on June 22, 2023.
             Slain by Natasha (8 damage)
             ... on level 3 of the Dungeon.
             The game lasted 00:00:31 (1727 turns).

qw the Shooter (Deep Elf Hunter)                    Turns: 1727, Time: 00:00:32

Health: -2/25      AC:  4    Str: 10    XL:     4   Next: 32%
Magic:  6/6        EV: 12    Int: 14    God:
Gold:   110        SH:  0    Dex: 18    Spells: 3/3 levels left

rFire   . . .        Y - +1 shortbow
rCold   . . .        (shield currently unavailable)
rNeg    . . .        c - +0 leather armour
rPois   .            (no helmet)
rElec   .            (no cloak)
rCorr   .            b - +0 pair of gloves
SInv    .            (no boots)
Will    .....        (no amulet)
Stlth   ++           (no ring)
HPRegen 0.24/turn    (no ring)
MPRegen 0.10/turn

%: no passive effects
@: slowed, very slow
A: no striking features
a: no special abilities


You were on level 3 of the Dungeon.
You visited 1 branch of the dungeon, and saw 3 of its levels.

You collected 110 gold pieces.


   Skills:
 - Level 1.5 Fighting
 + Level 7.7 Ranged Weapons
 - Level 2.4 Dodging
 - Level 1.2 Stealth


You had 3 spell levels left.
You didn't know any spells.
Your spell library was empty.

Inventory:

Hand Weapons
 Y - a +1 shortbow (weapon)
Armour
 b - a +0 pair of gloves (worn)
 c - a +0 leather armour (worn)
Scrolls
 a - a scroll of identify
 i - 2 scrolls of blinking {unknown}
Potions
 d - a potion of curing {unknown}
 e - a potion of might
 f - 2 potions of resistance {unknown}
 g - a potion of ambrosia {unknown}
 h - a potion of berserk rage {unknown}

Dungeon Overview and Level Annotations

Branches:
Dungeon (3/15)

Altars:
Zin

Annotations:
D:3 Natasha


Message History

You shoot an arrow. The arrow completely misses Natasha.
You shoot an arrow. The arrow hits Natasha.
Natasha is moderately wounded.
Natasha extends her claws.
Natasha stares at you and mumbles some strange words.
You feel yourself slow down.
You shoot an arrow. The arrow hits Natasha.
Natasha is heavily wounded.
You shoot an arrow. The arrow hits Natasha!
You kill Natasha!
Natasha screams in pain as she dies!
You have reached level 4!
You feel clever.
You start waiting.
You feel yourself speed up.
Natasha, Servant of Life and Death comes into view.
Natasha moves out of view.
You shoot an arrow.
Natasha hisses angrily.
The arrow hits Natasha!
Natasha is heavily wounded.
Natasha stares at you and mumbles some strange words.
You feel yourself slow down.
You shoot an arrow. The arrow closely misses Natasha.
You shoot an arrow. The arrow barely misses Natasha.
Natasha claws you. Natasha claws you but does no damage.
You shoot an arrow. The arrow barely misses Natasha.
Natasha closely misses you.
You shoot an arrow. The arrow hits Natasha!
Natasha is almost dead.
Natasha claws you. Natasha claws you but does no damage.
You shoot an arrow. The arrow barely misses Natasha.
Natasha casts a spell at you. The magic dart hits you. Natasha claws you.
You shoot an arrow.
The arrow hits Natasha but does no damage.
Natasha is almost dead.
Natasha claws you.
You shoot an arrow. The arrow barely misses Natasha.
Natasha claws you!
You die...

........###.~.~~¤~¤.~.
........###.~..¤....~.
............~~~~~~~~~.
.........##...........
##.##:...####.........
#.##.#....###....#...
#.##.##.#.# #....##..
#..#h##...####...###.
#...@##..........####
#.)...#..........##..
##########...................#
#).........#.###.%........####
#..............#......:.#.....
#...........##.#.......###..##
#...%..)...............# #....
#.......)...##.#....#### #...#
######.####.#.......# #....


You could see Natasha.

Vanquished Creatures
  Natasha (twice) (D:3)
  2 worms
  A dart slug (D:3)
  3 bats
  6 endoplasms
  A giant cockroach (D:2)
  2 goblins
  2 hobgoblins (D:2)
  2 quokkas
  5 ball pythons
  3 frilled lizards
  2 kobolds
  3 rats
34 creatures vanquished.

Notes
Turn   | Place    | Note
-------+----------+-------------------------------------------
     0 | D:1      | qw the Deep Elf Hunter began the quest for the Orb.
     0 | D:1      | Reached XP level 1. HP: 12/12 MP: 3/3
     0 | D:1      | 0 ||| qw: Version: 0.3-a-9-g12657ce
     0 | D:1      | 0 ||| qw: Game counter: 2160
     0 | D:1      | 0 ||| qw: Always use a shield: true
     0 | D:1      | 0 ||| qw: God list: Okawaru
     0 | D:1      | 0 ||| qw: Allow faded altars: false
     0 | D:1      | 0 ||| qw: Do Orc after D:15 true
     0 | D:1      | 0 ||| qw: Do second Lair branch before Depths: true
     0 | D:1      | 0 ||| qw: Lair rune preference: random
     0 | D:1      | 0 ||| qw: Plans: Normal
     0 | D:1      | 0 ||| PLANNING D:1-11
   666 | D:1      | 666 ||| DROPPING ring of magical power.
   667 | D:1      | 667 ||| READING scroll labelled ATRAKKATTECI.
   668 | D:1      | 668 ||| READING scroll labelled GUTOPE VO SEY.
   671 | D:1      | 671 ||| READING scroll labelled TOFYANIENO.
   672 | D:1      | 672 ||| READING scroll labelled UTARU TOGI.
   673 | D:1      | 673 ||| DRINKING 2 bubbling amethyst potions.
   674 | D:1      | 674 ||| DROPPING scroll of butterflies.
   738 | D:2      | Reached XP level 2. HP: 16/16 MP: 4/4
   788 | D:2      | Reached skill level 6 in Ranged Weapons
  1289 | D:2      | 1289 ||| UPGRADING to +0 pair of gloves.
  1294 | D:2      | 1294 ||| READING 2 scrolls labelled MITAXKA CUGRU.
  1295 | D:2      | 1295 ||| READING scroll labelled JIDAPT KIASS.
  1327 | D:3      | 1327 ||| STAIRDANCE
  1365 | D:3      | Reached XP level 3. HP: 20/20 MP: 5/5
  1371 | D:3      | Found a glowing silver altar of Zin.
  1581 | D:3      | Noticed Natasha
  1590 | D:3      | Killed Natasha
  1591 | D:3      | Reached skill level 7 in Ranged Weapons
  1629 | D:3      | Noticed Natasha
  1633 | D:3      | Killed Natasha
  1634 | D:3      | Reached XP level 4. HP: 25/25 MP: 6/6
  1717 | D:3      | Noticed Natasha
  1726 | D:3      | HP: 5/25 [Natasha (5)]
  1727 | D:3      | Slain by Natasha

Levels and vault maps discovered:
D:1:      sevenhm_arrival_forest_fort_small_3, layout_basic,
          chequers_serial_rivers_large_b
D:2:      layout_basic, nicolae_titane
D:3:      layout_rooms, chequers_temple_overflow_minitemple,
          mainiacjoe_overflow_concentric_impassable, uniq_natasha

Skill      XL: |  1  2  3 |
---------------+----------+-----
Ranged Weapons | 6 7 |  7.7
Fighting       | |  1.5
Dodging        | |  2.4
Stealth        | |  1.2

Action                     |  1- 3 |  4- 6 || total
---------------------------+-------+-------++-------
   Fire: Shortbow          |    85 |     8 ||    93
    Use: Scroll            |     6 |       ||     6
         Potion            |     1 |       ||     1
 Armour: Leather armour    |     2 |     2 ||     4
  Dodge: Dodged            |    15 |     1 ||    16

Table legend:
 A = Non-vault XP
 B = Vault XP
 C = Vault XP percentage of total XP
 D = Non-vault monster count
 E = Vault monster count
 F = Vault count percentage of total count
                 A         B        C        D         E       F
            +---------+---------+-------+---------+---------+-------
      Total |      94 |      35 |  27.1 |      33 |       1 |   2.9
            +---------+---------+-------+---------+---------+-------
        D:1 |       9 |       0 |   0.0 |       6 |       0 |   0.0
        D:2 |      26 |       0 |   0.0 |      13 |       0 |   0.0
        D:3 |      59 |      35 |  37.2 |      14 |       1 |   6.7
            +---------+---------+-------+---------+---------+-------
